 Dungeon Crawl Stone Soup version 0.26.0-16-gc1dbca0489 (webtiles) character file.

Game seed: 9272380551416061118

289 thiole the Sneak (level 6, -2/36 HPs)
             Began as an Octopode Hedge Wizard on Jan 22, 2021.
             Slain by a bullfrog (6 damage)
             ... in a sewer.
             The game lasted 00:06:57 (4567 turns).

thiole the Sneak (Octopode Hedge Wizard)            Turns: 4567, Time: 00:06:57

Health: -2/36      AC:  1    Str:  9    XL:     6   Next: 31%
Magic:  11/13      EV: 13    Int: 19    God:
Gold:   102        SH:  0    Dex: 11    Spells: 13/14 levels left

rFire    . . .     SeeInvis .   a - +1 dagger
rCold    . . .     Faith    .   (no shield)
rNeg     . . .     Spirit   .   b - +0 hat
rPois    .         Reflect  .   (no amulet)
rElec    .         Harm     .   (no ring)
rCorr    .         Rampage  .   (no ring)
Will     .....                  (no ring)
Stlth    +++++.....             (no ring)
HPRegen  0.12/turn              (no ring)
MPRegen  0.13/turn              (no ring)
                                (no ring)
                                (no ring)

@: very slightly contaminated
A: almost no armour, stealthy swim, amphibious, 8 rings, constrict 8, camouflage
1, gelatinous body 1
a: no special abilities


You were in a sewer.
You visited 1 branch of the dungeon, and saw 4 of its levels.
You also visited: Sewer.

You collected 102 gold pieces.

Inventory:

Hand Weapons
 a - a +1 dagger (weapon)
Armour
 b - a +0 hat (worn)
Jewellery
 m - a cursed amulet of inaccuracy {unknown}
Scrolls
 d - a scroll of immolation
Potions
 g - a potion of curing {unknown}
 h - a potion of flight {unknown}
 l - a potion of mutation {unknown}


   Skills:
 - Level 2.0 Dodging
 + Level 6.2 Stealth
 + Level 4.7 Spellcasting
 - Level 2.0 Conjurations
 - Level 2.0 Summonings
 - Level 1.0 Translocations


You had 13 spell levels left.
You knew the following spells:

 Your Spells              Type           Power        Failure   Level
a - Magic Dart            Conj           48%          5%          1

Your spell library contained the following spells:

 Spells                   Type           Power        Failure   Level
 Call Imp                 Summ           12%          9%          2
 Blink                    Tloc           N/A          13%         2
 Slow                     Hex            4%           19%         2
 Conjure Flame            Conj/Fire      8%           26%         3
 Mephitic Cloud           Conj/Pois/Air  6%           28%         3


Dungeon Overview and Level Annotations

Branches:
Dungeon (4/15)              Sewer (1/1)
 Temple: D:4-7

Altars:


Innate Abilities, Weirdness & Mutations

You cannot wear most types of armour.
You are very stealthy in the water. (Stealth+)
You are amphibious.
You can wear up to eight rings at the same time.
You can use your tentacles to constrict eight enemies at once.
Your skin changes colour to match your surroundings (Stealth+).
Your rubbery body absorbs attacks. (AC +1, EV +1)


Message History

You hit the bullfrog.
The bullfrog is severely wounded.
You constrict the bullfrog. The bullfrog misses you. The bullfrog hits you.
The bullfrog closely misses you.
You are too injured to fight recklessly!
Casting: Magic Dart (safe; 5% risk of failure)
Confirm with . or Enter, or press ? or * to list all spells.
Okay, then.
You release your grip on the bullfrog.
The bullfrog hits you. The bullfrog barely misses you.
You closely miss the bullfrog. You grab the bullfrog.
The bullfrog is almost dead.
You constrict the bullfrog. The bullfrog hits you. The bullfrog hits you! x2
* * * LOW HITPOINT WARNING * * *
You hit the bullfrog.
The bullfrog is almost dead.
You constrict the bullfrog, but do no damage.
The bullfrog releases a deep croak.
The bullfrog hits you.
You die...

#.≈≈≈≈≈≈.....########
#.≈≈≈≈########
#≈≈≈≈.##################
#≈≈≈≈≈≈≈≈...............
#≈≈≈≈≈≈≈≈≈≈≈≈≈≈≈≈≈≈≈≈≈≈≈
#.≈≈≈≈≈≈≈≈≈†≈≈≈≈≈≈≈≈≈≈≈≈
#≈≈≈≈≈≈≈≈≈≈≈≈≈≈≈≈≈≈≈≈≈≈≈
#.≈≈≈≈≈≈....†....≈≈≈≈≈≈≈
#≈≈≈≈≈#######≈≈≈@≈≈≈≈≈≈≈
#.≈≈≈≈# #≈≈≈≈FF≈≈≈≈≈≈≈
#.≈≈≈.# #≈≈≈≈≈≈≈≈≈≈..≈
#.≈≈≈.# #≈≈≈≈≈≈≈≈≈≈≈.≈≈
#.≈≈≈≈# #≈≈≈≈≈≈≈.?≈...≈
#.≈≈≈≈# #≈≈≈≈≈≈.$?)≈≈.≈
#.≈≈≈.# #≈≈≈≈≈≈≈.(.≈...
#≈≈≈≈≈# #≈≈≈≈≈≈≈..≈≈≈..
#≈≈≈≈≈# ##≈≈≈≈≈≈≈≈≈≈≈.


You could see 2 bullfrogs.

Vanquished Creatures
  An orc priest (D:3)
  An orc wizard (D:4)
  A bullfrog skeleton (D:4)
  Terence (D:3)
  7 adders
  5 oozes
  A worm (D:2)
  4 dart slugs
  2 leopard geckos (Sewer)
  7 orcs
  4 ball pythons
  10 giant cockroaches
  7 goblins
  6 hobgoblins
  4 jackals
  8 kobolds
  3 bats (D:2)
  8 frilled lizards
  5 rats
85 creatures vanquished.

Vanquished Creatures (others)
  7 plants (D:1)
7 creatures vanquished.

Grand Total: 92 creatures vanquished

Notes
Turn   | Place    | Note
-------+----------+-------------------------------------------
     0 | D:1      | thiole the Octopode Hedge Wizard began the quest for the
                  | Orb.
     0 | D:1      | Reached XP level 1. HP: 11/11 MP: 4/4
    20 | D:1      | Reached XP level 2. HP: 17/17 MP: 1/6
    82 | D:1      | Reached skill level 3 in Stealth
   340 | D:1      | Reached XP level 3. HP: 9/21 MP: 3/7
  1808 | D:2      | Reached XP level 4. HP: 27/27 MP: 5/9
  1949 | D:2      | Reached skill level 4 in Stealth
  3115 | D:3      | Reached XP level 5. HP: 31/31 MP: 6/10
  3348 | D:3      | Reached skill level 5 in Stealth
  3632 | D:3      | Noticed Terence
  3689 | D:3      | Killed Terence
  4128 | D:4      | Reached XP level 6. HP: 26/36 MP: 7/12
  4156 | D:4      | Reached skill level 6 in Stealth
  4162 | D:4      | Found a glowing drain.
  4177 | Sewer    | Entered a sewer
  4567 | Sewer    | Slain by a bullfrog

Illustrated notes

Levels and vault maps discovered:
D:1:      nzn_arrival_water_spiral, layout_loops_cross, serial_bayou_lagoon_a
D:2:      layout_rooms, chequers_serial_rivers_large_b, patterned_corridor
D:3:      layout_loops_ring, serial_aquarium, aquarium_bridge_square
          [aquarium_subvault_bridge, aquarium_subvault_wall,
          aquarium_subvault_window, aquarium_subvault_window],
          aquarium_window_corner, aquarium_window_fake, aquarium_view_2b,
          uniq_terence
D:4:      layout_loops_ring, zin_academy, cheibriados_altar_1,
          portal_sewer_entry_a
Sewer:    sewer_frog_island_01

Skill      XL: |  1  2  3  4  5  6 |
---------------+-------------------+-----
Stealth        | 3 4 5 6 |  6.2
Conjurations   | 2 |  2.0
Summonings     | 2 |  2.0
Spellcasting   | 4 |  4.7
Dodging        | |  2.0
Translocations | |  1.0

Action                   |  1- 3 |  4- 6 || total
-------------------------+-------+-------++-------
Melee: Dagger            |    58 |    92 ||   150
       Tentacles         |     8 |    14 ||    22
       Constrict         |    12 |    19 ||    31
 Cast: Magic Dart        |    58 |   109 ||   167
  Use: Scroll            |       |     7 ||     7
 Stab: Sleeping          |       |     5 ||     5
Armor: Skin              |     3 |     2 ||     5
Dodge: Dodged            |    35 |    51 ||    86
